Map: 2000 Atmosphären LE

Players

K.I.-1 (Sehr leicht)

  • Race: Zerg Zerg

Luca - Winner!

  • Race: Terran Terran
  • League: Master

VOD

Have the link to the VOD?

Description

Time

  • Played on: March 15, 2022, 2:42 p.m.
  • Length: 6:38
Show
View Real Time Build Order
Export as new Build Order

K.I.-1 (Sehr leicht) Zerg 

Build Orders: Pool Only 

Get SALT Encoding   

  12  0:01  Drone  
  13  0:12  Overlord  
  13  0:16  Drone  
  14  0:35  Spawning Pool  
  13  0:37  Extractor  
  13  0:39  Drone  
  13  0:47  Drone  
  14  0:53  Overlord  
  14  1:22  Zergling x2, Queen  
  17  1:33  Roach Warren  
  17  1:36  Drone  
  17  1:39  Extractor  
  16  1:41  Zergling x2  
  16  1:45  Drone  
  18  1:58  Drone  
  18  2:01  Zergling x2  
  20  2:08  Drone  
  21  2:19  Drone  
  22  2:29  Drone  
  23  2:30  Overlord  
  23  2:36  Zergling x2, Drone  
  24  2:44  Drone  
  24  2:55  Zergling x2  
  25  5:54  Zergling x2  
  25  5:55  Drone, Overlord  
  24  6:02  Drone  
  17  6:13  Drone, Overlord  
  15  6:20  Drone  
Show
View Real Time Build Order
Export as new Build Order

Luca Terran - Winner!

Build Orders: Reaper Expand 

Get SALT Encoding   

  12  0:00  SCV  
  13  0:13  SCV  
  14  0:17  Supply Depot  
  14  0:25  SCV  
  15  0:38  SCV  
  15  0:40  Barracks  
  16  0:46  Refinery  
  16  0:50  SCV  
  17  1:03  SCV  
  18  1:15  SCV  
  19  1:28  Orbital Command  
  19  1:29  Reaper  
  20  1:39  Command Center  
  20  1:49  Supply Depot  
  20  1:54  SCV  
  21  2:00  Marine  
  22  2:06  Factory  
  22  2:07  SCV  
  23  2:19  SCV  
  24  2:24  Barracks Reactor  
  24  2:31  SCV  
  25  2:40  Command Center  
  25  2:43  SCV  
  26  2:53  Orbital Command  
  26  2:56  Barracks  
  26  2:57  SCV  
  27  3:05  Barracks Tech Lab  
  27  3:09  Hellion  
  27  3:10  Hellion  
  31  3:15  SCV  
  31  3:18  SCV  
  33  3:23  Refinery  
  33  3:24  Marine  
  34  3:27  Stimpack, SCV  
  34  3:30  SCV  
  36  3:38  Bunker  
  36  3:39  SCV  
  37  3:42  Marine  
  37  3:47  Starport  
  37  3:48  SCV  
  39  3:52  Orbital Command  
  39  3:57  Factory Reactor  
  39  3:59  SCV  
  39  4:00  Marine, SCV  
  42  4:05  Marine  
  42  4:06  Marine, Supply Depot  
  44  4:12  SCV x2  
  46  4:18  Marine  
  46  4:19  SCV  
  46  4:23  Marine x2  
  46  4:24  SCV x2  
  51  4:29  Supply Depot  
  52  4:32  Orbital Command  
  52  4:36  Marine, SCV  
  52  4:38  SCV  
  55  4:40  Medivac x2  
  55  4:41  Marine x2  
  61  4:48  SCV, Barracks  
  61  4:50  SCV  
  61  4:52  Engineering Bay  
  63  4:53  Engineering Bay  
  63  4:56  Marine  
  63  4:58  SCV  
  63  4:59  Marine x2  
  67  5:00  SCV  
  67  5:02  SCV  
  67  5:03  Supply Depot  
  67  5:04  Supply Depot  
  69  5:10  SCV, Factory Reactor  
  69  5:12  SCV, Medivac  
  69  5:14  Marine  
  74  5:17  Marine x2  
  74  5:18  SCV  
  77  5:24  SCV x2  
  77  5:26  Supply Depot  
  77  5:27  Supply Depot  
  79  5:30  SCV  
  80  5:36  SCV x2  
  80  5:37  Marine x3, Barracks Reactor  
  80  5:41  Refinery  
  80  5:42  Refinery, SCV  
  86  5:48  SCV, Supply Depot  
  87  5:51  SCV  
  87  5:54  SCV  
  87  5:55  Marine x3  
  92  6:01  SCV  
  92  6:03  SCV  
  94  6:05  Barracks  
  94  6:07  SCV, Barracks  
  95  6:13  Marine x5, SCV  
  95  6:15  SCV, Widow Mine x2  
  106  6:18  Refinery  
  106  6:19  Supply Depot  
  106  6:22  Supply Depot  
Tags
 
Add a new tag
Caveats
  • Supply blocks, unpowered buildings, or Contaminate may cause inaccurate times.
  • Supply counts are checked every 10 seconds.